 Dungeon Crawl Stone Soup version 0.29-a0-40-g8eb35efe60 (webtiles) character file.

Game seed: 3706979352776159230

5722 esteth the Impaler (level 10, 0/73 HPs)
             Began as a Merfolk Gladiator on Feb 1, 2022.
             Was an Elder of Hepliaklqana.
             Slain by Sonja (8 damage)
             ... on level 10 of the Dungeon.
             The game lasted 00:20:37 (8188 turns).

esteth the Impaler (Merfolk Gladiator)              Turns: 8188, Time: 00:20:37

Health: 0/73       AC: 13    Str: 16    XL:     10   Next: 77%
Magic:  26/26      EV: 14    Int: 11    God:    Hepliaklqana [****..]
Gold:   659        SH:  0    Dex: 21    Spells: 12/19 levels left

rFire   x . .      SeeInvis .   a - +0 trident
rCold   + + .      Faith    .   (no shield)
rNeg    . . .      Spirit   .   t - +0 steam dragon scales
rPois   .          Reflect  .   B - +2 hat
rElec   .          Harm     .   (no cloak)
rCorr   .          Rampage  .   g - +2 pair of gloves
Will    +....                   q - +2 pair of boots
Stlth   ++........              e - amulet of regeneration
HPRegen 1.02/turn               m - ring "Ynoczain" {rF- rC++ Will+ Dex+6}
MPRegen 0.20/turn               k - ring of magical power

@: about to teleport
A: reduced essence, (nimble swimmer 2), mertail
a: Renounce Religion, Recall Ancestor, Ancestor Identity, Transference, Idealise


You were on level 10 of the Dungeon.
You worshipped Hepliaklqana.
Hepliaklqana was greatly pleased with you.
You visited 1 branch of the dungeon, and saw 10 of its levels.

You collected 659 gold pieces.

Inventory:

Hand Weapons
 a - a +0 trident (weapon)
Missiles
 d - 3 throwing nets (quivered)
Armour
 g - a +2 pair of gloves (worn)
 l - a +1 robe of positive energy
 q - a +2 pair of boots (worn)
 t - +0 steam dragon scales (worn)
 B - a +2 hat (worn)
Jewellery
 e - an amulet of regeneration (around neck)
 h - an amulet of faith
 i - a ring of ice
 k - a ring of magical power (right hand)
 m - the ring "Ynoczain" (left hand) {rF- rC++ Will+ Dex+6}
   (You found it on level 3 of the Dungeon)

   [ring of dexterity]

   Dex:       It affects your dexterity (+6).
   rF:        It makes you vulnerable to fire.
   rC:        It greatly protects you from cold.
   Will:      It increases your willpower.
 y - a ring of ice
Wands
 j - a wand of acid (8)
 v - a wand of digging (2)
 z - a wand of charming (13)
 C - a wand of flame (8)
Scrolls
 b - a scroll of brand weapon {unknown}
 f - 3 scrolls of noise
 w - a scroll of teleportation
 A - a scroll of amnesia {unknown}
Potions
 c - a potion of berserk rage {unknown}
 o - a potion of attraction
 p - a potion of lignification
 r - 4 potions of flight
 s - 2 potions of brilliance {unknown}
 u - 2 potions of mutation {unknown}
 x - a potion of resistance {unknown}
 D - a potion of ambrosia {unknown}


   Skills:
 - Level 8.9 Fighting
 - Level 16.0 Polearms
 - Level 2.0 Throwing
 - Level 4.0 Dodging
 + Level 5.0 Spellcasting
 + Level 4.5 Translocations


You had 12 spell levels left.
You knew the following spells:

 Your Spells              Type           Power      Damage    Failure   Level
a - Blink                 Tloc           24%        N/A       4%          2
b - Manifold Assault      Tloc           12%        N/A       67%         5

Your spell library contained the following spells:

 Spells                   Type           Power      Damage    Failure   Level
 Foxfire                  Conj/Fire      8%         2x1d4     22%         1
 Portal Projectile        Hex/Tloc       14%        N/A       26%         3
 Ensorcelled Hibernation  Hex/Ice        4%         N/A       32%         2
 Passwall                 Tmut/Erth      1%         N/A       32%         2
 Conjure Flame            Conj/Fire      2%         6-21      54%         3
 Inner Flame              Hex/Fire       2%         N/A       54%         3
 Swiftness                Air            2%         N/A       54%         3
 Flame Wave               Conj/Fire      2%         2d4       91%         4
 Summon Lightning Spire   Summ/Air       2%         N/A       91%         4
 Blade Hands              Tmut           1%         N/A       99%         5
 Excruciating Wounds      Necr           1%         N/A       99%         5
 Storm Form               Tmut/Air       1%         N/A       100%        7
 Maxwell's Capacitive Co  Air            1%         ∞         100%        8


Dungeon Overview and Level Annotations

Branches:
Dungeon (10/15)            Temple (0/1) D:5            Lair (0/6) D:8
    Orc: D:9-12

Altars:
Dithmenos
Hepliaklqana
Qazlal
Ru
Trog
Uskayaw
Vehumet
The Shining One

Shops:
D:5 (

Annotations:
D:6 1 runed translucent door, p0werm0de's ghost, novice MiFi
D:9 Erolcha
D:10 Sonja


Innate Abilities, Weirdness & Mutations

Your life essence is reduced to manifest your ancestor. (-10% HP)
((You are very nimble when in or above water. (Stealth+, EV+, Speed+++)))
Your lower body shifts to a powerful aquatic tail in water.


Message History

You open the door.
There is an open door here.
You swap places.
As you open the door, it creaks loudly!
You hear a shout!
There is an open door here.
Sonja, the Graceful Assassin comes into view.
She is wielding a +1 short sword of distortion and quivering curare-tipped darts.
Sonja throws a curare-tipped dart.
The curare-tipped dart hits Xolani.
You swap places.
Sonja throws a curare-tipped dart.
The curare-tipped dart closely misses you.
The curare-tipped dart hits Xolani.
Sonja hits you with a +1 short sword of distortion!
Space warps around you.
Sonja hits you with a +1 short sword of distortion.
Space warps horribly around you!! Sonja hits you but does no damage.
Space warps around you.
You feel much better. Sonja hits you but does no damage.
Space warps horribly around you!
Sonja hits you with a +1 short sword of distortion!
Space warps horribly around you!
* * * LOW HITPOINT WARNING * * *
Sonja hits you but does no damage. Space warps around you.
* * * LOW HITPOINT WARNING * * *
Sonja hits you but does no damage. Space warps around you.
* * * LOW HITPOINT WARNING * * *
Sonja hits you but does no damage. Sonja barely misses you.
You feel much better.
Xolani misses Sonja.
Sonja hits you but does no damage. Space warps horribly around you!!
* * * LOW HITPOINT WARNING * * *
Sonja hits you with a +1 short sword of distortion.
* * * LOW HITPOINT WARNING * * *
You blink.
As you read the scroll labelled QEIRPHE VOCI, it crumbles to dust.
You feel strangely unstable.
It was a scroll of teleportation.
Okay, then.
Sonja hits you with a +1 short sword of distortion.
* * * LOW HITPOINT WARNING * * *
Sonja hits you with a +1 short sword of distortion.
* * * LOW HITPOINT WARNING * * *
Space warps horribly around you!
You die...

#....# #.....#....... ######
#.....#.......
#.#...#.....#.
+.#...........
#.............
#.......###... ## ########
#.......# #... .#
#......#########.......#
#... .#
#.#..#.'..RK@..#.......#
####
.####......#..###..#.##....#
#.........##..# ..#.
.....###### #.......#.#...#
..# ..#+##.....#
#.........###.# ..# #.##..#
....####### #.# ..# #.....#
..#.# #.. ..# ######.
....###### ######### #.
.......>.# #..#....# ###.


You could see the friendly Xolani the hexer and Sonja (ally target).

Vanquished Creatures
  A two-headed ogre (D:10)
  A troll (D:10)
  A hornet (D:7)
  Sigmund (D:5)
  A wyvern (D:8)
  A wraith (D:8)
  A steam dragon (D:9)
  3 wargs (D:8)
  Menkaure (D:7)
  A sky beast (D:6)
  2 ice beasts
  A necrophage (D:6)
  3 ogres
  A centaur (D:8)
  A kobold brigand (D:5)
  A gnoll sergeant (D:8)
  A bullfrog (D:4)
  A wyvern zombie (D:7)
  8 killer bees
  4 wights (D:7)
  A howler monkey (D:7)
  3 centaur zombies
  2 jellies (D:6)
  A centaur skeleton (D:6)
  An orc priest (D:8)
  3 hounds
  2 iguanas
  9 orc wizards
  A hexer (D:7)
  A hound skeleton (D:5)
  2 howler monkey zombies
  6 gnolls (D:8)
  9 adders
  A shadow imp (D:5)
  3 white imps
  2 adder skeletons
  4 worms
  4 dart slugs
  19 orcs
  2 bats
  8 endoplasms
  A goblin (D:4)
  6 hobgoblins
  9 jackals
  3 quokkas
  11 ball pythons
  6 frilled lizards
  A jackal skeleton (D:4)
  17 kobolds
  7 rats
180 creatures vanquished.

Vanquished Creatures (collateral kills)
  Maurice (D:9)
  A yak (D:10)
  A wraith (D:10)
  2 water moccasins
  An orc warrior (D:7)
  A bullfrog (D:9)
  A kobold brigand (D:5)
  A gnoll sergeant (D:8)
  A scorpion (D:4)
  2 killer bees (D:7)
  A wight (D:7)
  3 howler monkeys
  A centaur zombie (D:5)
  A gnoll (D:8)
  An adder (D:5)
  An orc (D:7)
  2 kobolds (D:5)
22 creatures vanquished.

Vanquished Creatures (others)
  4 hexers
  An ancestor (D:5)
5 creatures vanquished.

Grand Total: 207 creatures vanquished

Notes
Turn   | Place    | Note
-------+----------+-------------------------------------------
     0 | D:1      | esteth the Merfolk Gladiator began the quest for the Orb.
     0 | D:1      | Reached XP level 1. HP: 16/16 MP: 1/1
   117 | D:1      | Reached XP level 2. HP: 22/23 MP: 2/2
   152 | D:1      | Reached skill level 5 in Polearms
   453 | D:1      | Reached XP level 3. HP: 28/28 MP: 3/3
   820 | D:2      | Found a faded altar of an unknown god.
  1197 | D:2      | Found a sacrificial altar of Ru.
  1333 | D:2      | Reached skill level 6 in Polearms
  1425 | D:2      | Reached XP level 4. HP: 35/35 MP: 4/4
  1669 | D:3      | Reached skill level 7 in Polearms
  1669 | D:3      | Reached XP level 5. HP: 34/41 MP: 5/5
  1978 | D:3      | Identified the ring "Ynoczain" {rF- rC++ Will+ Dex+6}
  2444 | D:3      | Found a shadowy altar of Dithmenos.
  2444 | D:3      | Noticed a shadow
  2448 | D:3      | Found a hazy altar of Hepliaklqana.
  2457 | D:3      | Became a worshipper of Hepliaklqana the Forgotten
  2763 | D:4      | Reached skill level 8 in Polearms
  2828 | D:4      | Reached XP level 6. HP: 43/48 MP: 6/6
  2910 | D:4      | Reached * piety under Hepliaklqana
  2921 | D:4      | Reached skill level 9 in Polearms
  2945 | D:4      | Reached XP level 7. HP: 49/49 MP: 7/7
  2952 | D:4      | Found a hide-covered altar of Uskayaw.
  3318 | D:5      | Entered Level 5 of the Dungeon
  3329 | D:5      | Reached skill level 5 in Fighting
  3329 | D:5      | Reached skill level 10 in Polearms
  3379 | D:5      | Found a staircase to the Ecumenical Temple.
  3724 | D:5      | Reached skill level 11 in Polearms
  3724 | D:5      | Reached XP level 8. HP: 37/57 MP: 8/8
  3836 | D:5      | Found a stormy altar of Qazlal.
  3920 | D:5      | Reached ** piety under Hepliaklqana
  3921 | D:5      | Remembered your ancestor Xolani as a hexer
  3934 | D:5      | Found Zist's Antique Weapon Shop.
  3974 | D:5      | Noticed Sigmund
  3993 | D:5      | Killed Sigmund
  4277 | D:6      | Reached skill level 12 in Polearms
  4365 | D:6      | Found a runed translucent door.
  4365 | D:6      | Noticed p0werm0de's ghost (novice MiFi)
  4365 | D:6      | Noticed a deep elf pyromancer
  4657 | D:6      | Found a glowing golden altar of the Shining One.
  4764 | D:6      | Reached skill level 13 in Polearms
  4986 | D:7      | Noticed Menkaure
  5025 | D:7      | Killed Menkaure
  5026 | D:7      | Reached XP level 9. HP: 26/64 MP: 9/9
  5143 | D:7      | Reached skill level 14 in Polearms
  5323 | D:7      | Noticed a hornet
  5329 | D:7      | Paralysed by a hornet for 1 turns
  5336 | D:7      | Killed a hornet
  5462 | D:7      | Reached skill level 15 in Polearms
  5933 | D:7      | Reached *** piety under Hepliaklqana
  6159 | D:8      | Found a staircase to the Lair.
  6234 | D:8      | Reached skill level 16 in Polearms
  6271 | D:8      | Learned a level 2 spell: Blink
  6277 | D:8      | Learned a level 5 spell: Manifold Assault
  6305 | D:8      | Reached XP level 10. HP: 44/73 MP: 9/11
  6316 | D:8      | Reached skill level 1 in Spellcasting
  6316 | D:8      | Reached skill level 1 in Translocations
  6904 | D:9      | Found a radiant altar of Vehumet.
  6958 | D:9      | Noticed Erolcha
  7274 | D:9      | Found a bloodstained altar of Trog.
  7353 | D:9      | Reached **** piety under Hepliaklqana
  7448 | D:9      | Noticed Maurice
  7481 | D:9      | Killed Maurice
  7749 | D:10     | Entered Level 10 of the Dungeon
  7918 | D:10     | Noticed a two-headed ogre
  8000 | D:10     | Killed a two-headed ogre
  8139 | D:10     | Reached skill level 5 in Spellcasting
  8181 | D:10     | Noticed Sonja
  8188 | D:10     | Slain by Sonja

Illustrated notes

Levels and vault maps discovered:
D:1:      tarquinn_simple_flora_water_a, layout_loops_cross, minivault_25,
          minivault_27, hangedman_decor_growths
D:2:      layout_basic, chequers_ecumenical_altar_island, basic_altar,
          hex_intersection, minivault_11
D:3:      layout_loops_corners, riverfiend_overflow_shadow_ancestor,
          saegor_snake_ambush
D:4:      layout_gridville, nicolae_uskayaw_murder_on_the_dancefloor
D:5:      layout_cave_pods, nicolae_qazlal_scattered_showers,
          minmay_temple_entry_drinking_statues, serial_shops, shop, uniq_sigmund
D:6:      layout_loops_cross, marbit_many_paths, ebering_ghost_inner_flame
D:7:      layout_basic, uniq_menkaure
D:8:      layout_loops_cross, erik_lair_orcish_takeover
D:9:      layout_cave_pods, old_standard_altar, nicolae_vehumet_radiance,
          uniq_maurice, uniq_erolcha
D:10:     layout_stronghold, uniq_sonja

Skill      XL: |  1  2  3  4  5  6  7  8  9 10 |
---------------+-------------------------------+-----
Polearms       | 5 6 7 8 9 11 13 16 | 16.0
Fighting       | 3 4 5 7 8 |  8.9
Spellcasting   | 5 |  5.0
Translocations | 4 |  4.5
Throwing       | |  2.0
Dodging        | |  4.0

Action                   |  1- 3 |  4- 6 |  7- 9 | 10-12 || total
-------------------------+-------+-------+-------+-------++-------
Melee: Trident           |   133 |   173 |   348 |   165 ||   819
       Punch             |       |     5 |     3 |       ||     8
 Cast: Blink             |       |       |       |     1 ||     1
Invok: Ancestor Life: He |       |       |     1 |       ||     1
       Recall Ancestor   |       |       |     1 |       ||     1
  Use: Scroll            |       |       |     7 |     1 ||     8
       Potion            |       |       |     1 |     6 ||     7
 Stab: Sleeping          |       |     6 |     3 |     1 ||    10
       Distracted        |       |       |     5 |     1 ||     6
       Confused          |       |       |       |     3 ||     3
Armor: Leather armour    |    26 |    57 |    71 |     2 ||   156
       Skin              |       |       |       |    63 ||    63
       Robe              |       |       |       |    19 ||    19
       Steam dragon scal |       |       |       |    19 ||    19
Dodge: Dodged            |    81 |    72 |   138 |    91 ||   382

Table legend: (Time is in decaauts)
 A = Elapsed time spent in this place.
 B = Non-inter-level travel time spent in this place.
 C = Inter-level travel time spent in this place.
 D = Time resting spent in this place.
 E = Time spent auto-exploring this place.
 F = Levels seen in this place.
 G = Mean time per level.
                   A        B        C        D        E       F      G
               +--------+--------+--------+--------+--------+-----+--------+
         Total |   7979 |   7727 |    252 |    181 |   5990 |  10 |  797.9 |
       Dungeon |   7979 |   7727 |    252 |    181 |   5990 |  10 |  797.9 |
               +--------+--------+--------+--------+--------+-----+--------+

Top non-repeatable levels by time:
     D:7: 980 daAuts
     D:3: 968 daAuts
     D:5: 877 daAuts
     D:8: 871 daAuts
     D:9: 834 daAuts
     D:1: 823 daAuts
     D:4: 777 daAuts
     D:2: 714 daAuts
     D:6: 705 daAuts
    D:10: 426 daAuts
